 Dungeon Crawl Stone Soup version 0.30-a0-234-g97d66968fd (webtiles) character file.

Game seed: 12146806390909150596

249 kuniqs the Conjurer (level 5, 0/35 HPs)
             Began as a Demonspawn Conjurer on Oct 10, 2022.
             Slain by an iguana (12 damage)
             ... on level 4 of the Dungeon.
             The game lasted 00:04:04 (2758 turns).

kuniqs the Conjurer (Demonspawn Conjurer)           Turns: 2758, Time: 00:04:04

Health: 0/35       AC:  4    Str:  7    XL:     5   Next: 87%
Magic:  3/10       EV: 12    Int: 21    God:
Gold:   87         SH:  0    Dex: 12    Spells: 8/11 levels left

rFire   . . .      SeeInvis .    n - +2 dagger (venom)
rCold   . . .      Faith    .    (no shield)
rNeg    . . .      Spirit   .    a - +0 robe
rPois   .          Reflect  .    (helmet restricted)
rElec   .          Harm     .    o - +0 cloak
rCorr   .          Rampage  .    i - +0 pair of gloves
Will    .....                    (no boots)
Stlth   ++........               (no amulet)
HPRegen 0.25/turn                (no ring)
MPRegen 0.12/turn                (no ring)

@: no status effects
A: antennae 1, claws 1, ignite blood 2
a: no special abilities


You were on level 4 of the Dungeon.
You visited 1 branch of the dungeon, and saw 4 of its levels.

You collected 87 gold pieces.

Inventory:

Hand Weapons
 n - a +2 dagger of venom (weapon)
Armour
 a - a +0 robe (worn)
 i - a +0 pair of gloves (worn)
 o - a +0 cloak (worn)
Scrolls
 c - a scroll of magic mapping
 e - a scroll of vulnerability
 h - a scroll of poison
 m - a scroll of noise {unknown}
 p - a scroll of enchant weapon {unknown}
 s - 2 scrolls of blinking
Potions
 b - 2 potions of magic
 d - a potion of mutation {unknown}
 f - a potion of invisibility {unknown}
 g - 3 potions of curing
 j - a potion of heal wounds {unknown}
 k - a potion of might {unknown}
 l - a potion of brilliance {unknown}
 q - a potion of flight {unknown}
 r - a potion of ambrosia {unknown}


   Skills:
 - Level 1.7 Dodging
 - Level 1.7 Stealth
 + Level 3.5 Spellcasting
 * Level 6.3 Conjurations


You had 8 spell levels left.
You knew the following spells:

 Your Spells              Type           Power      Damage    Failure   Level
a - Magic Dart            Conj           100%       1d8       1%          1
b - Searing Ray           Conj           60%        2d6       1%          2

Your spell library contained the following spells:

 Spells                   Type           Power      Damage    Failure   Level
 Dazzling Flash           Conj/Hex       34%        N/A       11%         3
 Iskenderun's Battlesphe  Conj           30%        2d8       26%         5
 Fulminant Prism          Conj/Hex       8%         3d7       34%         4
 Iskenderun's Mystic Bla  Conj/Tloc      17%        2d5       34%         4
 Iron Shot                Conj/Erth      8%         9d3       99%         6
 Spellforged Servitor     Conj/Summ      8%         N/A       100%        7


Dungeon Overview and Level Annotations

Branches:
Dungeon (4/15)
 Temple: D:4-7

Altars:


Innate Abilities, Weirdness & Mutations

You have a pair of small antennae on your head.
You have sharp fingernails.
Your demonic aura often causes spilled blood to erupt in flames.


Message History

The iguana is moderately wounded.
Casting: Magic Dart (safe; 1% risk of failure)
Confirm with . or Enter, or press ? or * to list all spells.
Aiming: Magic Dart (safe; 1% risk of failure)
Press: ? - help, Shift-Dir - straight line, f/p - iguana
Aim: an iguana (moderately wounded, 100% to hit)
The magic dart hits the iguana.
The iguana is severely wounded.
Casting: Magic Dart (safe; 1% risk of failure)
Confirm with . or Enter, or press ? or * to list all spells.
Aiming: Magic Dart (safe; 1% risk of failure)
Press: ? - help, Shift-Dir - straight line, f/p - iguana
Aim: an iguana (severely wounded, 100% to hit)
The magic dart hits the iguana.
The iguana is severely wounded.
The iguana bites you!
You barely miss the iguana.
The iguana is severely wounded.
The iguana bites you.
You closely miss the iguana.
The iguana is severely wounded.
The iguana barely misses you.
You hit the iguana but do no damage.
The iguana is poisoned.
The iguana is severely wounded.
The iguana bites you!
You are too injured to fight recklessly!
You are too injured to fight recklessly!
You are too injured to fight recklessly!
You barely miss the iguana.
The iguana is severely wounded.
The iguana bites you.
Casting: Magic Dart (safe; 1% risk of failure)
Confirm with . or Enter, or press ? or * to list all spells.
Aiming: Magic Dart (safe; 1% risk of failure)
Press: ? - help, Shift-Dir - straight line, f/p - iguana
Aim: an iguana (severely wounded, very poisoned, 100% to hit)
The magic dart hits the iguana but does no damage.
The iguana is severely wounded.
The iguana bites you!
You die...

##
..........†........
... #................
...##.........#
###.#..#..<†..####..
#........†.......)...
....#...###.#.......#
. #...# ###........
....#...#####........
#......@...##........
......l.........<....
#.........###........
.........## .......
#.........
(..........
#..........
..........##


You could see an iguana (very poisoned).

Vanquished Creatures
  A scorpion (D:4)
  A howler monkey (D:3)
  A hound (D:4)
  3 gnolls (D:3)
  3 adders
  2 worms
  An orc (D:3)
  3 bats
  8 endoplasms
  4 giant cockroaches
  7 goblins
  6 hobgoblins
  2 quokkas
  6 ball pythons
  4 frilled lizards
  5 kobolds
  13 rats
70 creatures vanquished.

Notes
Turn   | Place    | Note
-------+----------+-------------------------------------------
     0 | D:1      | kuniqs the Demonspawn Conjurer began the quest for the Orb.
     0 | D:1      | Reached XP level 1. HP: 13/13 MP: 3/3
     2 | D:1      | Noticed a barachi
     9 | D:1      | Noticed a merfolk zombie
    11 | D:1      | Noticed a spriggan
    14 | D:1      | Noticed a troll
    16 | D:1      | Noticed a demonspawn zombie
    16 | D:1      | Noticed a naga
    18 | D:1      | Noticed a vine stalker
    82 | D:1      | Found a faded altar of an unknown god.
   268 | D:1      | Gained mutation: Your demonic aura sometimes causes spilled
                  | blood to erupt in flames. [demonic ancestry]
   268 | D:1      | Reached XP level 2. HP: 19/19 MP: 0/5
   277 | D:1      | Learned a level 2 spell: Searing Ray
   625 | D:1      | You fall into a shaft and drop 1 floor!
  1015 | D:2      | Discovered your monstrous ancestry.
  1015 | D:2      | Gained mutation: You have a pair of small antennae on your
                  | head. [demonic ancestry]
  1015 | D:2      | Reached XP level 3. HP: 13/24 MP: 1/6
  1555 | D:2      | Reached skill level 5 in Conjurations
  1792 | D:3      | Gained mutation: Your demonic aura often causes spilled
                  | blood to erupt in flames. [demonic ancestry]
  1792 | D:3      | Reached XP level 4. HP: 21/30 MP: 3/8
  2128 | D:3      | Gained mutation: You have sharp fingernails. [demonic
                  | ancestry]
  2128 | D:3      | Reached XP level 5. HP: 35/35 MP: 4/9
  2667 | D:4      | Reached skill level 6 in Conjurations
  2758 | D:4      | Slain by an iguana

Illustrated notes

Levels and vault maps discovered:
D:1:      shiori_arrival_whats_in_store_for_you, layout_loops_ring,
          basic_ecumenical_altar
D:2:      layout_rooms, basic_altar, kennysheep_big_empty_room,
          minmay_fractal_squares_gapless_5
D:3:      minmay_door_path, layout_basic, nrook_loot_triangle, st_stairs_4,
          minmay_misc_feat_four_crosses
D:4:      layout_cave_pools, elyvilon_altar_5, uniq_blork_the_orc, uniq_menkaure

Skill      XL: |  1  2  3  4  5 |
---------------+----------------+-----
Conjurations   | 5 6 |  6.3
Spellcasting   | 3 |  3.5
Dodging        | |  1.7
Stealth        | |  1.7

Action                   |  1- 3 |  4- 6 || total
-------------------------+-------+-------++-------
Melee: Mace              |     1 |       ||     1
       Dagger            |    15 |    18 ||    33
 Cast: Magic Dart        |    76 |    47 ||   123
       Searing Ray       |       |     3 ||     3
  Use: Potion            |     2 |       ||     2
       Scroll            |     1 |     3 ||     4
Armor: Robe              |     1 |     5 ||     6
Dodge: Dodged            |     8 |    21 ||    29

Table legend: (Time is in decaauts)
 A = Elapsed time spent in this place.
 B = Non-inter-level travel time spent in this place.
 C = Inter-level travel time spent in this place.
 D = Time resting spent in this place.
 E = Time spent auto-exploring this place.
 F = Levels seen in this place.
 G = Mean time per level.
                   A        B        C        D        E       F      G
               +--------+--------+--------+--------+--------+-----+--------+
         Total |   2758 |   2638 |    120 |    704 |   1518 |   4 |  689.5 |
       Dungeon |   2758 |   2638 |    120 |    704 |   1518 |   4 |  689.5 |
               +--------+--------+--------+--------+--------+-----+--------+

Top non-repeatable levels by time:
     D:2: 926 daAuts
     D:3: 883 daAuts
     D:1: 830 daAuts
     D:4: 117 daAuts
